 Dungeon Crawl Stone Soup version 0.29-a0-1023-g6ae1a4a2c7 (webtiles) character file.

Game seed: 4005717284266088704

90 BritishOli the Trooper (level 4, -7/37 HPs)
             Began as a Demonspawn Fighter on Aug 11, 2022.
             Killed by divine providence
             ... invoked by an orc priest
              (13 damage)
             ... on level 3 of the Dungeon.
             The game lasted 00:03:28 (2057 turns).

BritishOli the Trooper (Demonspawn Fighter)         Turns: 2057, Time: 00:03:28

Health: -7/37      AC:  6    Str: 19    XL:     4   Next: 32%
Magic:  4/4        EV:  9    Int:  9    God:
Gold:   113        SH:  0    Dex: 12    Spells: 3/3 levels left

rFire   . . .      SeeInvis .   i - +0 short sword (flame)
rCold   . . .      Faith    .   c - +0 buckler
rNeg    . . .      Spirit   .   b - +0 scale mail
rPois   .          Reflect  .   (no helmet)
rElec   .          Harm     .   (no cloak)
rCorr   .          Rampage  .   (no gloves)
Will    .....                   (no boots)
Stlth   ..........              (no amulet)
HPRegen 0.12/turn               (no ring)
MPRegen 0.09/turn               (no ring)

@: confused
A: powered by death 1, spiny 1, talons 1, devolution 1
a: no special abilities


You were on level 3 of the Dungeon.
You visited 1 branch of the dungeon, and saw 3 of its levels.

You collected 113 gold pieces.

Inventory:

Hand Weapons
 a - a +0 long sword
 i - a +0 short sword of flaming (weapon)
Armour
 b - a +0 scale mail (worn)
 c - a +0 buckler (worn)
Scrolls
 e - 3 scrolls of identify {unknown}
 k - a scroll of enchant weapon {unknown}
 m - a scroll of blinking {unknown}
 n - a scroll of enchant armour {unknown}
Potions
 d - a potion of might
 g - a potion of curing
 h - a potion of mutation
 j - a potion of flight {unknown}
 l - a potion of brilliance {unknown}


   Skills:
 * Level 3.7 Fighting
 * Level 2.7 Long Blades
 + Level 3.2 Armour
 + Level 3.1 Shields


You had 3 spell levels left.
You didn't know any spells.
Your spell library contained the following spells:

 Spells                   Type           Power      Damage    Failure   Level
 Apportation              Tloc           0%         N/A       85%         1
 Magic Dart               Conj           0%         1d3       85%         1
 Necrotise                Necr           0%         1d4       85%         1
 Summon Small Mammal      Summ           0%         N/A       85%         1
 Call Imp                 Summ           0%         N/A       94%         2
 Searing Ray              Conj           0%         2d4       94%         2
 Call Canine Familiar     Summ           0%         N/A       99%         3
 Mephitic Cloud           Conj/Pois/Air  0%         N/A       99%         3
 Summon Guardian Golem    Hex/Summ       0%         N/A       99%         3
 Fulminant Prism          Conj/Hex       0%         3d6       100%        4


Dungeon Overview and Level Annotations

Branches:
Dungeon (3/15)

Altars:

Shops:
D:1 =


Innate Abilities, Weirdness & Mutations

You regenerate a little health from kills.
You are partially covered in sharp spines.
You have sharp toenails.
You have hidden genetic defects.


Message History

You bump into the rock wall.
You feel less confused.
The orc priest looks satisfied for a moment.
Something hits you but does no damage. Something hits you. Something hits you.
You block something's attack.
The orc priest calls down the wrath of Beogh upon you.
Something writhes in agony.
The orc priest mumbles some strange prayers to Beogh against you.
Beogh smites you!
An orc wizard appears from thin air!
Reactivating autopickup.
The orc wizard casts a spell.
The orc wizard flickers and vanishes!
Deactivating autopickup; reactivate with Ctrl-A.
The orc priest begins to cast a cantrip, but forgets the words!
You aren't carrying any items that you can evoke.
The orc priest calls down the wrath of Beogh upon you.
Beogh smites you!
* * * LOW HITPOINT WARNING * * *
You hear some strange, mumbled words.
You are confused.
You bump into the rock wall.
You bump into the rock wall.
A magic dart appears from out of thin air!
The magic dart hits you.
* * * LOW HITPOINT WARNING * * *
You bump into the rock wall.
You feel less confused.
The orc priest miscasts a cantrip.
Something hits you but does no damage. Something hits you but does no damage.
Something hits you but does no damage.
You hear some strange, mumbled words.
You are confused.
There is an open door here.
The orc priest mumbles some strange prayers to Beogh against you.
Beogh smites you!
You die...

..###.##..#.....# #
#. #..#####.# #. #.
#......#.#
.#.#######.###.#.#
............##...##
..!..######...รท...#
.#.......##..##.###
.........##..##.#
.........'.@.##.#
........o#...##.#
...#+##{##..>...# #.
#.######### # #.#
#.# #o# #.#
############.#


You could see an orc priest.

Vanquished Creatures
  3 adders (D:2)
  3 dart slugs (D:1)
  A worm (D:2)
  6 orcs (D:3)
  8 ball pythons
  3 bats
  3 endoplasms (D:2)
  5 goblins
  5 hobgoblins
  4 kobolds
  7 rats
48 creatures vanquished.

Notes
Turn   | Place    | Note
-------+----------+-------------------------------------------
     0 | D:1      | BritishOli the Demonspawn Fighter began the quest for the
                  | Orb.
     0 | D:1      | Reached XP level 1. HP: 18/18 MP: 1/1
   235 | D:1      | Gained mutation: You regenerate a little health from kills.
                  | [demonic ancestry]
   235 | D:1      | Reached XP level 2. HP: 24/24 MP: 2/2
   534 | D:1      | Found Iczuy's Jewellery Boutique.
  1148 | D:2      | Reached XP level 3. HP: 26/29 MP: 3/3
  1338 | D:2      | Found a faded altar of an unknown god.
  1558 | D:2      | Gained mutation: You are partially covered in sharp spines.
                  | [demonic ancestry]
  1558 | D:2      | Reached XP level 4. HP: 25/36 MP: 4/4
  2009 | D:3      | Gained mutation: You have hidden genetic defects. [potion
                  | of mutation]
  2009 | D:3      | Gained mutation: You have sharp toenails. [potion of
                  | mutation]
  2057 | D:3      | Killed from afar by an orc priest

Illustrated notes

Levels and vault maps discovered:
D:1:      sevenhm_arrival_forest_fort_large_2, layout_loops_ring, serial_shops,
          nicolae_lakefront_shop, minmay_fountain_box
D:2:      layout_rooms, chequers_ecumenical_altar_simple_redux,
          kennysheep_generic_room_8
D:3:      minmay_razor_zed, layout_basic

Skill      XL: |  1  2 |
---------------+-------+-----
Long Blades    | 2 |  2.7
Armour         | 3 |  3.2
Shields        | 3 |  3.1
Fighting       | |  3.7

Action                   |  1- 3 |  4- 6 || total
-------------------------+-------+-------++-------
Melee: Long sword        |    42 |       ||    42
       Short sword       |    61 |    44 ||   105
  Use: Potion            |       |     3 ||     3
Armor: Scale mail        |    62 |    24 ||    86
Dodge: Dodged            |    32 |    18 ||    50
Block: Buckler           |    24 |     8 ||    32

Table legend: (Time is in decaauts)
 A = Elapsed time spent in this place.
 B = Non-inter-level travel time spent in this place.
 C = Inter-level travel time spent in this place.
 D = Time resting spent in this place.
 E = Time spent auto-exploring this place.
 F = Levels seen in this place.
 G = Mean time per level.
                   A        B        C        D        E       F      G
               +--------+--------+--------+--------+--------+-----+--------+
         Total |   2076 |   2012 |     64 |     66 |   1578 |   3 |  692.0 |
       Dungeon |   2076 |   2012 |     64 |     66 |   1578 |   3 |  692.0 |
               +--------+--------+--------+--------+--------+-----+--------+

Top non-repeatable levels by time:
     D:1: 1042 daAuts
     D:2: 650 daAuts
     D:3: 384 daAuts
